3A
WASHINGTON GENERALS @ MYRTLE BEACH SEAHAWKS
07/30/2021
 
TOP OF THE 1ST
Washington Generals batting - Pitching for Myrtle Beach Seahawks : LHP José Rodríguez
Pitching: LHP José Rodríguez
Batting: RHB Jim Unknown 0-0: Foul Ball, location: 2F
0-1: Ball
1-1: Ground out U3 (Groundball, 3)
Batting: RHB Vicente Hernández 0-0: Called Strike
0-1: Foul Ball, location: 2F
0-2: Fly out, F8 (Flyball, 8LD)
Batting: RHB Harley Gray 0-0: Foul Ball, location: 2F
0-1: Foul Ball, location: 2F
0-2: Foul Ball, location: 2F
0-2: Strikes out looking
Top of the 1st over - 0 run(s), 0 hit(s), 0 error(s), 0 left on base; Washington 0 - Myrtle Beach 0
BOTTOM OF THE 1ST
Myrtle Beach Seahawks batting - Pitching for Washington Generals : LHP Melvin Morgan
Pitching: LHP Melvin Morgan
Batting: RHB Manuel Díaz 0-0: Ball
1-0: Foul Ball, location: 2F
1-1: Called Strike
1-2: SINGLE (Line Drive, 5)
Batting: RHB Dionísio Prudente 0-0: SINGLE (Flyball, 89S)
Manuel Díaz to second
Runner from 2nd tries for 3rd, SAFE, no throw or cutoff
Batting: RHB Fernando Pérez 0-0: Foul Ball, location: 2F
0-1: Ball
1-1: Ball
2-1: Fly out, F9 (Flyball, 9M)
Runner from 3rd tags up, SCORES, no throw
Batting: RHB Jack Peck 0-0: Ball
1-0: Foul Ball, location: 2F
1-1: Called Strike
1-2: Foul Ball, location: 2F
1-2: Strikes out swinging
Batting: RHB José Sosa 0-0: Called Strike
0-1: Ball
1-1: Called Strike
1-2: SINGLE (Line Drive, 78S)
Dionísio Prudente to second
Batting: SHB Tony Ortíz 0-0: Called Strike
0-1: Swinging Strike
0-2: Ball
1-2: Foul Ball, location: 2F
1-2: Ball
2-2: Strikes out swinging
Bottom of the 1st over - 1 run(s), 3 hit(s), 0 error(s), 2 left on base; Washington 0 - Myrtle Beach 1
TOP OF THE 2ND
Washington Generals batting - Pitching for Myrtle Beach Seahawks : LHP José Rodríguez
Batting: RHB Arturo Morales 0-0: Fly out, F8 (Flyball, 8LD)
Batting: SHB Carlos Alicea 0-0: Ball
1-0: Ball
2-0: Called Strike
2-1: Ball
3-1: Called Strike
3-2: Base on Balls
Batting: RHB Tim Lehman 0-0: Called Strike
0-1: Called Strike
0-2: Strikes out swinging
Batting: RHB Alejandro Márquez 0-0: Fielders Choice at 2nd, 5-4 (Groundball, 56)
Top of the 2nd over - 0 run(s), 0 hit(s), 0 error(s), 0 left on base; Washington 0 - Myrtle Beach 1
BOTTOM OF THE 2ND
Myrtle Beach Seahawks batting - Pitching for Washington Generals : LHP Melvin Morgan
Batting: RHB Jim Unknown 0-0: Called Strike
0-1: Ball
1-1: Ball
2-1: Ground out 6-3 (Groundball, 6M)
Batting: RHB Jim Unknown 0-0: Called Strike
0-1: Ball
1-1: Called Strike
1-2: Ball
2-2: Strikes out swinging
Batting: RHB Remigio Burmester 0-0: Swinging Strike
0-1: Swinging Strike
0-2: Ball
1-2: Strikes out looking
Bottom of the 2nd over - 0 run(s), 0 hit(s), 0 error(s), 0 left on base; Washington 0 - Myrtle Beach 1
TOP OF THE 3RD
Washington Generals batting - Pitching for Myrtle Beach Seahawks : LHP José Rodríguez
Batting: RHB Alfredo Suárez 0-0: Called Strike
0-1: SINGLE (Groundball, 4M)
Batting: RHB Andy Moore 0-0: Ball
1-0: SINGLE (Groundball, 34)
Alfredo Suárez to second
Runner from 2nd tries for 3rd, SAFE, throw made to third
Batting: RHB Jim Unknown 0-0: Called Strike
0-1: Swinging Strike
0-2: Strikes out looking
Batting: RHB Vicente Hernández 0-0: Ball
1-0: Called Strike
1-1: Ball
2-1: SINGLE (Line Drive, 6M)
Alfredo Suárez scores
Andy Moore to second
Batting: RHB Harley Gray 0-0: Ball
1-0: Ball
2-0: SINGLE (Groundball, 4D) (infield hit)
Andy Moore to third
Vicente Hernández to second
Batting: RHB Arturo Morales 0-0: Ball
1-0: Called Strike
1-1: Swinging Strike
1-2: Fly out, F3 (Popup, 3S)
Batting: SHB Carlos Alicea 0-0: Called Strike
0-1: Ball
1-1: Ball
2-1: Foul Ball, location: 2F
2-2: Fly out, F8 (Line Drive, 8RXD)
Top of the 3rd over - 1 run(s), 4 hit(s), 0 error(s), 3 left on base; Washington 1 - Myrtle Beach 1
BOTTOM OF THE 3RD
Myrtle Beach Seahawks batting - Pitching for Washington Generals : LHP Melvin Morgan
Batting: RHB Manuel Díaz 0-0: Ground out 5-3 (Groundball, 5S)
Batting: RHB Dionísio Prudente 0-0: Called Strike
0-1: Ball
1-1: Fly out, F2 (Popup, 2LF)
Batting: RHB Fernando Pérez 0-0: Ball
1-0: Ball
2-0: Foul Ball, location: 2F
2-1: Ball
3-1: Base on Balls
Batting: RHB Jack Peck 0-0: Called Strike
Fernando Pérez steals 2nd base
0-1: Ball
1-1: Ball
2-1: Foul Ball, location: 2F
2-2: Ball
3-2: Foul Ball, location: 2F
3-2: Foul Ball, location: 2F
3-2: Base on Balls
Batting: RHB José Sosa 0-0: Ball
1-0: Called Strike
1-1: Ball
2-1: Called Strike
2-2: Strikes out swinging
Bottom of the 3rd over - 0 run(s), 0 hit(s), 0 error(s), 2 left on base; Washington 1 - Myrtle Beach 1
TOP OF THE 4TH
Washington Generals batting - Pitching for Myrtle Beach Seahawks : LHP José Rodríguez
Batting: RHB Tim Lehman 0-0: Ball
1-0: Ball
2-0: Ball
3-0: Base on Balls
Batting: RHB Alejandro Márquez 0-0: Ball
Tim Lehman is caught stealing 2nd base
1-0: Ball
2-0: Foul Ball, location: 2F
2-1: Ball
3-1: Foul Ball, location: 2F
3-2: Foul Ball, location: 2F
3-2: Foul Ball, location: 2F
3-2: SINGLE (Groundball, 6MD)
Batting: RHB Alfredo Suárez 0-0: Fly out, F7 (Flyball, 78M)
Batting: RHB Andy Moore 0-0: Foul Ball, location: 2F
0-1: Swinging Strike
0-2: Ball
1-2: Strikes out looking
Top of the 4th over - 0 run(s), 1 hit(s), 0 error(s), 1 left on base; Washington 1 - Myrtle Beach 1
BOTTOM OF THE 4TH
Myrtle Beach Seahawks batting - Pitching for Washington Generals : LHP Melvin Morgan
Batting: SHB Tony Ortíz 0-0: Ball
1-0: SINGLE (Groundball, 4MD)
Batting: RHB Jim Unknown 0-0: Ball
1-0: Swinging Strike
1-1: Ball
2-1: Called Strike
2-2: Ball
3-2: Strikes out looking
Batting: RHB Jim Unknown 0-0: Ball
1-0: Fly out, F3 (Popup, 3S)
Batting: RHB Remigio Burmester 0-0: Ball
1-0: Called Strike
1-1: Ground out 5-3 (Groundball, 5)
Bottom of the 4th over - 0 run(s), 1 hit(s), 0 error(s), 1 left on base; Washington 1 - Myrtle Beach 1
TOP OF THE 5TH
Washington Generals batting - Pitching for Myrtle Beach Seahawks : LHP José Rodríguez
Batting: RHB Jim Unknown 0-0: Ball
1-0: Called Strike
1-1: Ball
2-1: Called Strike
2-2: Foul Ball, location: 2F
2-2: Strikes out looking
Batting: RHB Vicente Hernández 0-0: Ball
1-0: Ground out 4-3 (Groundball, 4)
Batting: RHB Harley Gray 0-0: Called Strike
0-1: Ball
1-1: Ball
2-1: SINGLE (Groundball, 6) (infield hit)
Batting: RHB Arturo Morales 0-0: Ball
1-0: Swinging Strike
1-1: Ball
2-1: Foul Ball, location: 2F
2-2: Foul Ball, location: 2F
2-2: Foul Ball, location: 2F
2-2: Strikes out swinging
Top of the 5th over - 0 run(s), 1 hit(s), 0 error(s), 1 left on base; Washington 1 - Myrtle Beach 1
BOTTOM OF THE 5TH
Myrtle Beach Seahawks batting - Pitching for Washington Generals : LHP Melvin Morgan
Batting: RHB Manuel Díaz 0-0: Ball
1-0: Called Strike
1-1: Ball
2-1: Ground out U3 (Groundball, 3)
Batting: RHB Dionísio Prudente 0-0: Ball
1-0: Called Strike
1-1: Ball
2-1: Called Strike
2-2: Strikes out swinging
Batting: RHB Fernando Pérez 0-0: Called Strike
0-1: Foul Ball, location: 2F
0-2: Ground out 6-3 (Groundball, 6)
Bottom of the 5th over - 0 run(s), 0 hit(s), 0 error(s), 0 left on base; Washington 1 - Myrtle Beach 1
TOP OF THE 6TH
Washington Generals batting - Pitching for Myrtle Beach Seahawks : LHP José Rodríguez
Batting: SHB Carlos Alicea 0-0: Called Strike
0-1: Ball
1-1: Foul Ball, location: 2F
1-2: Foul Ball, location: 2F
1-2: Foul Ball, location: 2F
1-2: Ball
2-2: Ball
3-2: SINGLE (Groundball, 6)
Batting: RHB Tim Lehman 0-0: Bunted foul
0-1: Sac Bunt - play at first, batter OUT! 3-4
Carlos Alicea to second
Batting: RHB Alejandro Márquez 0-0: SINGLE (Groundball, 6MD)
Carlos Alicea to third
Pitching: RHP Claudio Álvarez
Batting: RHB Alfredo Suárez 0-0: Squeeze Bunt - play home, runner OUT, batter safe! 1-2
Alejandro Márquez to second
Batting: RHB Andy Moore 0-0: Called Strike
0-1: Foul Ball, location: 2F
0-2: Strikes out swinging
Top of the 6th over - 0 run(s), 2 hit(s), 0 error(s), 2 left on base; Washington 1 - Myrtle Beach 1
BOTTOM OF THE 6TH
Myrtle Beach Seahawks batting - Pitching for Washington Generals : LHP Melvin Morgan
Pitching: LHP César Rosado
Batting: RHB Jack Peck 0-0: Called Strike
0-1: Swinging Strike
0-2: Strikes out swinging
Batting: RHB José Sosa 0-0: Ball
1-0: Ball
2-0: Ball
3-0: Base on Balls
Batting: SHB Tony Ortíz 0-0: Ball
1-0: Ball
2-0: Ball
3-0: Called Strike
3-1: Base on Balls
José Sosa to second
Batting: RHB Jim Unknown 0-0: Fly out, F2 (Popup, 2RF)
Batting: RHB Jim Unknown 0-0: Ball
1-0: Ground out 5-3 (Groundball, 56)
Bottom of the 6th over - 0 run(s), 0 hit(s), 0 error(s), 2 left on base; Washington 1 - Myrtle Beach 1
TOP OF THE 7TH
Washington Generals batting - Pitching for Myrtle Beach Seahawks : RHP Claudio Álvarez
Batting: RHB Jim Unknown 0-0: Ball
1-0: Swinging Strike
1-1: Ball
2-1: Ball
3-1: Called Strike
3-2: Ground out 6-3 (Groundball, 6)
Batting: RHB Vicente Hernández 0-0: Foul Ball, location: 2F
0-1: Ball
1-1: Swinging Strike
1-2: Ball
2-2: Strikes out swinging
Batting: RHB Harley Gray 0-0: Called Strike
0-1: SINGLE (Flyball, 89S)
Pinch Hitting: LHB Jim Unknown 0-0: Called Strike
0-1: Fielders Choice at 2nd, U6 (Groundball, 6M)
Top of the 7th over - 0 run(s), 1 hit(s), 0 error(s), 1 left on base; Washington 1 - Myrtle Beach 1
BOTTOM OF THE 7TH
Myrtle Beach Seahawks batting - Pitching for Washington Generals : LHP César Rosado
Now in RF: Jim Unknown
Batting: RHB Remigio Burmester 0-0: Swinging Strike
0-1: Ball
1-1: Foul Ball, location: 2F
1-2: Strikes out swinging
Batting: RHB Manuel Díaz 0-0: Called Strike
0-1: Hit by Pitch
Batting: RHB Dionísio Prudente 0-0: Foul Ball, location: 2F
0-1: Foul Ball, location: 2F
0-2: Ball
1-2: Fly out, F8 (Flyball, 8RM)
Batting: RHB Fernando Pérez 0-0: Called Strike
0-1: Ball
1-1: Called Strike
1-2: Ball
Manuel Díaz is caught stealing 2nd base
Bottom of the 7th over - 0 run(s), 0 hit(s), 0 error(s), 0 left on base; Washington 1 - Myrtle Beach 1
TOP OF THE 8TH
Washington Generals batting - Pitching for Myrtle Beach Seahawks : RHP Claudio Álvarez
Batting: SHB Carlos Alicea 0-0: Called Strike
0-1: Called Strike
0-2: Fly out, F8 (Flyball, 8RXD)
Pitching: RHP Randall McLean
Batting: RHB Tim Lehman 0-0: Ball
1-0: Called Strike
1-1: Ball
2-1: SINGLE (Line Drive, 6MD)
Batting: RHB Alejandro Márquez 0-0: Ball
1-0: Called Strike
1-1: Foul Ball, location: 2F
1-2: Strikes out swinging
Batting: RHB Alfredo Suárez 0-0: Ball
Pickoff Throw to First - Out!
Top of the 8th over - 0 run(s), 1 hit(s), 0 error(s), 0 left on base; Washington 1 - Myrtle Beach 1
BOTTOM OF THE 8TH
Myrtle Beach Seahawks batting - Pitching for Washington Generals : LHP César Rosado
Batting: RHB Fernando Pérez 0-0: Ball
1-0: Ball
2-0: Called Strike
2-1: Foul Ball, location: 2F
2-2: Strikes out swinging
Batting: RHB Jack Peck 0-0: Ball
1-0: Called Strike
1-1: Foul Ball, location: 2F
1-2: SINGLE (Groundball, 5L)
Batting: RHB José Sosa 0-0: Ball
1-0: Fielders Choice at 2nd, 1-4 (Groundball, 15)
Batting: SHB Tony Ortíz 0-0: Called Strike
0-1: Ball
1-1: Swinging Strike
1-2: Strikes out looking
Bottom of the 8th over - 0 run(s), 1 hit(s), 0 error(s), 1 left on base; Washington 1 - Myrtle Beach 1
TOP OF THE 9TH
Washington Generals batting - Pitching for Myrtle Beach Seahawks : RHP Randall McLean
Pitching: LHP Jim Unknown
Batting: RHB Alfredo Suárez 0-0: SINGLE (Flyball, 78M)
Batting: RHB Andy Moore 0-0: Ball
1-0: Sac Bunt - play at first, batter OUT! 3-4
Alfredo Suárez to second
Batting: RHB Jim Unknown 0-0: SINGLE (Groundball, 6MD)
Alfredo Suárez to third
Runner from 3rd tries for Home, throw and OUT!
Batting: RHB Vicente Hernández 0-0: Swinging Strike
0-1: Called Strike
0-2: Strikes out swinging
Top of the 9th over - 0 run(s), 2 hit(s), 0 error(s), 1 left on base; Washington 1 - Myrtle Beach 1
BOTTOM OF THE 9TH
Myrtle Beach Seahawks batting - Pitching for Washington Generals : LHP César Rosado
Batting: RHB Jim Unknown 0-0: Foul Ball, location: 2F
0-1: Ball
1-1: Foul Ball, location: 2F
1-2: Strikes out swinging
Batting: RHB Jim Unknown 0-0: Swinging Strike
0-1: Ball
1-1: Ground out 6-3 (Groundball, 6)
Batting: RHB Remigio Burmester 0-0: Ground out 1-3 (Groundball, 15S)
Bottom of the 9th over - 0 run(s), 0 hit(s), 0 error(s), 0 left on base; Washington 1 - Myrtle Beach 1
TOP OF THE 10TH
Washington Generals batting - Pitching for Myrtle Beach Seahawks : LHP Jim Unknown
Batting: RHB Harley Gray 0-0: Called Strike
0-1: Called Strike
0-2: Foul Ball, location: 2F
0-2: Ball
1-2: Ball
2-2: Ball
3-2: Fly out, F8 (Flyball, 8LM)
Pinch Hitting: RHB Julián Salcido 0-0: Foul Ball, location: 2F
0-1: Called Strike
0-2: Ball
1-2: Ball
2-2: Ball
3-2: Strikes out looking
Batting: SHB Carlos Alicea 0-0: Ball
1-0: Ball
2-0: Fly out, F3 (Popup, 34)
Top of the 10th over - 0 run(s), 0 hit(s), 0 error(s), 0 left on base; Washington 1 - Myrtle Beach 1
BOTTOM OF THE 10TH
Myrtle Beach Seahawks batting - Pitching for Washington Generals : LHP César Rosado
Now in RF: Julián Salcido
Batting: RHB Manuel Díaz 0-0: Foul Ball, location: 2F
0-1: Foul Ball, location: 2F
0-2: Ball
1-2: Strikes out swinging
Batting: RHB Dionísio Prudente 0-0: Ball
1-0: Swinging Strike
1-1: Foul Ball, location: 2F
1-2: Ball
2-2: Foul Ball, location: 2F
2-2: Ball
3-2: Base on Balls
Pinch Runner at 1st Jorge Barrios:
Batting: RHB Fernando Pérez 0-0: Ball
1-0: Called Strike
1-1: Swinging Strike
1-2: Strikes out swinging
Batting: RHB Jack Peck 0-0: Called Strike
0-1: Ball
1-1: Ball
2-1: Foul Ball, location: 2F
2-2: Fielders Choice at 2nd, U4 (Groundball, 4M)
Bottom of the 10th over - 0 run(s), 0 hit(s), 0 error(s), 1 left on base; Washington 1 - Myrtle Beach 1
TOP OF THE 11TH
Washington Generals batting - Pitching for Myrtle Beach Seahawks : LHP Jim Unknown
Pitching: RHP Fernando Cruz
Now at C: Guillaume Colin
Batting: RHB Tim Lehman 0-0: Called Strike
0-1: Foul Ball, location: 2F
0-2: Strikes out looking
Batting: RHB Alejandro Márquez 0-0: Ball
1-0: Swinging Strike
1-1: Swinging Strike
1-2: Strikes out looking
Batting: RHB Alfredo Suárez 0-0: Bunted foul
0-1: Ball
1-1: Ball
2-1: Called Strike
2-2: Ball
3-2: Foul Ball, location: 2F
3-2: Base on Balls
Batting: RHB Andy Moore 0-0: Ball
Alfredo Suárez steals 2nd base
1-0: Called Strike
1-1: Called Strike
1-2: Strikes out looking
Top of the 11th over - 0 run(s), 0 hit(s), 0 error(s), 1 left on base; Washington 1 - Myrtle Beach 1
BOTTOM OF THE 11TH
Myrtle Beach Seahawks batting - Pitching for Washington Generals : LHP César Rosado
Batting: RHB José Sosa 0-0: Swinging Strike
0-1: Called Strike
0-2: Fly out, F7 (Flyball, 7M)
Batting: SHB Tony Ortíz 0-0: Ball
1-0: Ball
2-0: Foul Ball, location: 2F
2-1: Ball
3-1: Ground out 1-6-3 (Groundball, 15S)
Batting: RHB Jim Unknown 0-0: Ball
1-0: Swinging Strike
1-1: Ball
2-1: Swinging Strike
2-2: Fly out, F7 (Flyball, 7LD)
Bottom of the 11th over - 0 run(s), 0 hit(s), 0 error(s), 0 left on base; Washington 1 - Myrtle Beach 1
TOP OF THE 12TH
Washington Generals batting - Pitching for Myrtle Beach Seahawks : RHP Fernando Cruz
Batting: RHB Jim Unknown 0-0: Ball
1-0: Ball
2-0: Swinging Strike
2-1: SINGLE (Line Drive, 89S)
Batting: RHB Vicente Hernández 0-0: Sac Bunt - play at first, batter OUT! 3-4
Jim Unknown to second
Batting: RHB Harley Gray 0-0: Intentional Walk
Batting: RHB Julián Salcido 0-0: Called Strike
0-1: Called Strike
0-2: Foul Ball, location: 2F
0-2: Grounds into double play, 1-6-3 (Groundball, 15)
Top of the 12th over - 0 run(s), 1 hit(s), 0 error(s), 1 left on base; Washington 1 - Myrtle Beach 1
BOTTOM OF THE 12TH
Myrtle Beach Seahawks batting - Pitching for Washington Generals : LHP César Rosado
Batting: RHB Jim Unknown 0-0: Called Strike
0-1: Foul Ball, location: 2F
0-2: Ball
1-2: Strikes out swinging
Batting: RHB Remigio Burmester 0-0: DOUBLE (Line Drive, 7LM)
Batting: RHB Manuel Díaz 0-0: Foul Ball, location: 2F
0-1: Foul Ball, location: 2F
0-2: Ball
1-2: Ball
2-2: Ball
3-2: Base on Balls
Batting: RHB Guillaume Colin 0-0: Ball
1-0: Called Strike
1-1: Fly out, F9 (Flyball, 89M)
Runner from 2nd tags up, SAFE at 3rd with throw
Batting: RHB Fernando Pérez 0-0: Swinging Strike
0-1: Ball
1-1: Swinging Strike
1-2: Strikes out swinging
Bottom of the 12th over - 0 run(s), 1 hit(s), 0 error(s), 2 left on base; Washington 1 - Myrtle Beach 1
TOP OF THE 13TH
Washington Generals batting - Pitching for Myrtle Beach Seahawks : RHP Fernando Cruz
Pitching: RHP Dan MacDonald
Batting: SHB Carlos Alicea 0-0: Fly out, F5 (Line Drive, 56)
Batting: RHB Tim Lehman 0-0: Called Strike
0-1: Fly out, F5 (Popup, 25F)
Batting: RHB Alejandro Márquez 0-0: Swinging Strike
0-1: Ball
1-1: SINGLE (Line Drive, 8LS)
Batting: RHB Alfredo Suárez 0-0: Foul Ball, location: 2F
0-1: Swinging Strike
0-2: Strikes out swinging
Top of the 13th over - 0 run(s), 1 hit(s), 0 error(s), 1 left on base; Washington 1 - Myrtle Beach 1
BOTTOM OF THE 13TH
Myrtle Beach Seahawks batting - Pitching for Washington Generals : LHP César Rosado
Batting: RHB Jack Peck 0-0: Called Strike
0-1: Ball
1-1: Ball
2-1: Ball
3-1: Base on Balls
Batting: RHB José Sosa 0-0: Ball
1-0: Called Strike
1-1: Ball
2-1: Called Strike
2-2: Ball
3-2: Base on Balls
Jack Peck to second
Batting: SHB Tony Ortíz 0-0: Called Strike
0-1: Sac Bunt - play at third, runner OUT! 1-5
José Sosa to second
Batting: RHB Jim Unknown 0-0: Ball
1-0: Foul Ball, location: 2F
1-1: Grounds into double play, 6-4-3 (Groundball, 6D)
Bottom of the 13th over - 0 run(s), 0 hit(s), 0 error(s), 1 left on base; Washington 1 - Myrtle Beach 1
TOP OF THE 14TH
Washington Generals batting - Pitching for Myrtle Beach Seahawks : RHP Dan MacDonald
Batting: RHB Andy Moore 0-0: Foul Ball, location: 2F
0-1: Ball
1-1: Bunt for hit - play at first, batter safe!
Batting: RHB Jim Unknown 0-0: Ball
1-0: SINGLE (Line Drive, 4MD)
Andy Moore to second
Throwing error, E8
Andy Moore scores
Jim Unknown to second
Batting: RHB Vicente Hernández 0-0: Ball
1-0: Fly out, F8 (Flyball, 8RS)
Batting: RHB Harley Gray 0-0: Intentional Walk
Batting: RHB Julián Salcido 0-0: Foul Ball, location: 2F
0-1: Called Strike
0-2: SINGLE (Line Drive, 4M)
Jim Unknown to third
Harley Gray to second
Batting: SHB Carlos Alicea 0-0: Ball
1-0: Fly out, F2 (Popup, 2LF)
Batting: RHB Tim Lehman 0-0: Swinging Strike
0-1: Ball
1-1: Ball
2-1: Foul Ball, location: 2F
2-2: Ball
3-2: Foul Ball, location: 2F
3-2: Ground out 5-3 (Groundball, 5S)
Top of the 14th over - 1 run(s), 3 hit(s), 1 error(s), 3 left on base; Washington 2 - Myrtle Beach 1
BOTTOM OF THE 14TH
Myrtle Beach Seahawks batting - Pitching for Washington Generals : LHP César Rosado
Pitching: RHP Luis Castrejón
Batting: RHB Jim Unknown 0-0: Swinging Strike
0-1: Foul Ball, location: 2F
0-2: Foul Ball, location: 2F
0-2: Ball
1-2: Ball
2-2: Ball
3-2: Fly out, F4 (Popup, 8RS)
Batting: RHB Remigio Burmester 0-0: Called Strike
0-1: Reached on Error, E9 (Flyball, 89M)
Batting: RHB Manuel Díaz 0-0: Called Strike
0-1: Foul Ball, location: 2F
0-2: Ball
1-2: Ball
2-2: Strikes out swinging
Batting: RHB Guillaume Colin 0-0: Ball
1-0: Foul Ball, location: 2F
1-1: Ball
2-1: Foul Ball, location: 2F
2-2: Foul Ball, location: 2F
2-2: Ball
3-2: Foul Ball, location: 2F
3-2: Strikes out swinging
Bottom of the 14th over - 0 run(s), 0 hit(s), 1 error(s), 1 left on base; Washington 2 - Myrtle Beach 1
This league is powered by Out of the Park Baseball, the baseball management simulation game for PC, Mac and Linux
Friday, January 22nd, 2016 - OOTP Baseball 16.9 Build 39